 Dungeon Crawl Stone Soup version 0.17.1-2-g5865329 (webtiles) character file.

27 PossumBlood the Sneak (level 2, -4/19 HPs)
             Began as a Vampire Enchanter on Jan 28, 2016.
             Killed from afar by Ijyb (8 damage)
             ... with a wand of magic darts
             ... on level 2 of the Dungeon.
             The game lasted 00:03:46 (1288 turns).

PossumBlood the Sneak (Vampire Enchanter)           Turns: 1288, Time: 00:03:46

Health: -4/19      AC:  4    Str:  7    XL:     2   Next: 93%
Magic:  5/5        EV: 12    Int: 20    God:
Gold:   48         SH:  0    Dex: 14    Spells: 1 memorised, 4 levels left

rFire  . . .     SeeInvis +     k - +1 short sword (elec)
rCold  . . .     Clarity  .     b - +1 robe
rNeg   + . .     SustAt   .     (no shield)
rPois  .         Gourm    .     (no helmet)
rElec  .         Spirit   .     i - +0 cloak
rCorr  .         Warding  .     (no gloves)
rMut   .         Stasis   .     (no boots)
MR     .....                    (no amulet)
Stlth  +++.......               (no ring)
                                (no ring)

@: brilliant, not resistant to hostile enchantments, fairly stealthy
A: fangs 3, see invisible, dopey 1, unbreathing
a: no special abilities


You were on level 2 of the Dungeon.
You were not thirsty.

You visited 1 branch of the dungeon, and saw 2 of its levels.

You collected 48 gold pieces.

Inventory:

Hand Weapons
 a - a +1 dagger
 k - a +1 short sword of electrocution (weapon)
Armour
 b - a +1 robe (worn)
 i - a +0 cloak (worn)
Scrolls
 e - a scroll of identify {unknown}
 f - a scroll of remove curse {unknown}
 j - a scroll of fear {unknown}
 m - a scroll of enchant weapon {unknown}
Potions
 d - 8 potions of blood
 h - a potion of curing
Books
 c - a book of Maledictions

   Spells                             Type                      Level
   a - Corona                         Hexes                        1
   b - Ensorcelled Hibernation        Hexes/Ice                    2
   c - Confuse                        Hexes                        3
   d - Tukima's Dance                 Hexes                        3
   e - Dazzling Spray                 Conjuration/Hexes            3


   Skills:
 + Level 2.1 Short Blades
 - Level 2.1 Dodging
 * Level 5.6 Stealth
 - Level 2.0 Spellcasting
 - Level 4.4 Hexes


You had 4 spell levels left.
You knew the following spells:

 Your Spells              Type           Power        Failure   Level  Hunger
a - Corona                Hex            ####...      1%          1    #......


Dungeon Overview and Level Annotations

Branches:
Dungeon (2/15)

Altars:
Qazlal

Annotations:
D:2 Ijyb


Innate Abilities, Weirdness & Mutations

You have razor-sharp teeth.
You have supernaturally acute eyesight.
You can survive without breathing.
You are dopey. (Int -2)


Message History

You are too injured to fight recklessly!
You are too injured to fight recklessly!
You are too injured to fight recklessly!
You are too injured to fight recklessly!
You are too injured to fight recklessly!
Drink which item? (? for menu, Esc to quit)
It was a potion of curing.
You feel better. Ijyb hits you with a club.
* * * LOW HITPOINT WARNING * * *
The quokka bites you.
* * * LOW HITPOINT WARNING * * *
Drink which item? (? for menu, Esc to quit)
It was a potion of brilliance.
You feel clever all of a sudden.
Ijyb zaps a wand.
The magic dart hits you! The quokka closely misses you.
Drink which item? (? for menu, Esc to quit)
It was a potion of mutation.
You feel extremely strange.
You feel less in control of your magic.
You feel stupid.
You regain control of your magic.
The quokka barely misses you.
Ijyb zaps a wand.
The magic dart hits you!
You die...

#.###.#.###..
#.#.#.#.#...#
########.#.###.###..
..................#
###.?###..........# #
#..................
#.#.#..####.........#
##......#####....##..
#...g@.>...........
#.##r#.#########.## #
#b#)# (# #.#.# .
#.#$# #.#.# ....#
#.###


You could see Ijyb, a quokka and a bat.

Vanquished Creatures
  A worm (D:2)
  A giant gecko (D:1)
  2 giant cockroaches (D:1)
  3 goblins (D:1)
  2 hobgoblins
  3 jackals (D:2)
  2 kobolds
  2 bats
  2 giant newts (D:1)
  4 rats
22 creatures vanquished.

Notes
Turn   | Place    | Note
--------------------------------------------------------------
     0 | D:1      | PossumBlood the Vampire Enchanter began the quest for the Orb.
     0 | D:1      | Reached XP level 1. HP: 13/13 MP: 3/3
   150 | D:1      | Reached XP level 2. HP: 17/19 MP: 5/5
   296 | D:1      | Reached skill level 5 in Stealth
   661 | D:2      | Found a stormy altar of Qazlal.
  1279 | D:2      | Noticed Ijyb
  1288 | D:2      | Gained mutation: Your spells are a little harder to cast, but a little more powerful. [potion of mutation]
  1288 | D:2      | Gained mutation: You are dopey. (Int -2) [potion of mutation]
  1288 | D:2      | Lost mutation: Your spells are a little harder to cast, but a little more powerful. [potion of mutation]
  1288 | D:2      | Killed from afar by Ijyb

Action                   || total
-------------------------++-------
Melee: Dagger            ||    38
       Short sword       ||    34
  Use: Potion            ||     4
 Stab: Sleeping          ||     5
       Distracted        ||     1
